 Dungeon Crawl Stone Soup version 0.16-a0-1301-gf74d490 (console) character file.

350 Orcus the Ogre Mage (level 6, 0/88 HPs)
             Began as an Ogre Fire Elementalist on Oct 15, 2014.
             Succumbed to a worker ant's poison
             ... on level 4 of the Dungeon.
             The game lasted 00:14:15 (2235 turns).

Orcus the Ogre Mage (Ogre Fire Elementalist)        Turns: 2235, Time: 00:14:15

Health: 0/88       AC:  4    Str: 20    XL:     6   Next: 60%
Magic:  5/13       EV: 10    Int: 20    God:
Gold:   154        SH:  0    Dex: 10    Spells: 1 memorised, 10 levels left

rFire  . . .     SeeInvis .     a - +0 mace
rCold  . . .     Clarity  .     h - +0 robe
rNeg   . . .     SustAb   .     (shield restricted)
rPois  .         Gourm    +     o - +0 hat
rElec  .         Spirit   .     y - +0 cloak
rCorr  .         Warding  .     (gloves unavailable)
rMut   .         Stasis   .     (boots unavailable)
MR     .....                    m - amulet of the gourmand
Stlth  ..........               (no ring)
                                (no ring)

@: mighty, brilliant, berserking, lethally poisoned, very quick, not resistant
to hostile enchantments, extremely unstealthy
A: unfitting armour, tough skin 1
a: no special abilities


You were on level 4 of the Dungeon.
You were full.

You visited 1 branch of the dungeon, and saw 4 of its levels.
You also visited: Sewer.

You collected 154 gold pieces.

Inventory:

Hand weapons
 a - a +0 mace (weapon)
 r - the +7 greatsling "Punk" {freeze, rC+}
   (You found it on level 4 of the Dungeon)

   It turns projectiles fired from it into bolts of frost.
   It protects you from cold.
Missiles
 u - 28 poisoned needles
Armour
 h - a +0 robe (worn)
 o - a +0 hat (worn)
 y - a +0 cloak (worn)
Rods
 B - a +1 rod of ignition (12/13)
   (You found it on level 3 of the Dungeon)
Jewellery
 i - an uncursed ring of teleportation
 m - an amulet of the gourmand (around neck)
Scrolls
 k - a scroll of identify
 p - 3 scrolls of fog
 q - a scroll of teleportation
 w - a scroll of remove curse
Potions
 d - a potion of restore abilities
 f - a potion of flight
 j - 4 potions of magic
 s - a potion of porridge
 t - a potion of might
 v - a potion of cancellation
 z - a potion of agility
Books
 b - a book of Flames

   Spells                             Type                      Level
   *Flame Tongue                      Conjuration/Fire             1
   Throw Flame                        Conjuration/Fire             2
   Conjure Flame                      Conjuration/Fire             3
   Inner Flame                        Hexes/Fire                   3
   Sticky Flame                       Conjuration/Fire             4
   Fireball                           Conjuration/Fire             5
Comestibles
 c - 2 meat rations
 g - a bread ration
 l - a beef jerky
 x - a slice of pizza


   Skills:
 + Level 2.4 Fighting
 * Level 3.0 Maces & Flails
 + Level 2.7 Dodging
 + Level 2.2 Stealth
 + Level 3.4 Spellcasting
 * Level 2.1 Conjurations
 * Level 3.1 Fire Magic


You had 10 spell levels left.
You knew the following spells:

 Your Spells              Type           Power        Failure   Level  Hunger
a - Flame Tongue          Conj/Fire      ####.        1%          1    None


Dungeon Overview and Level Annotations

Branches:
Dungeon (4/15)
 Temple: D:4-7

Altars:
Nemelex Xobeh
Zin


Innate Abilities, Weirdness & Mutations

You are too large for most types of armour.
You have tough skin (AC +1).


Message History

* * * LOW HITPOINT WARNING * * *
You feel sick.
* * * LOW HITPOINT WARNING * * *
You feel sick.
* * * LOW HITPOINT WARNING * * *
You feel sick.
There is an open door here.
* * * LOW HITPOINT WARNING * * *
You feel sick.
* * * LOW HITPOINT WARNING * * *
You feel sick.
Drink which item? (? for menu, Esc to quit)
You feel clever all of a sudden.
It was a potion of brilliance.
* * * LOW HITPOINT WARNING * * *
You feel sick.
Drink which item? (? for menu, Esc to quit)
A red film seems to cover your vision as you go berserk!
You feel yourself moving faster!
You feel mighty!
You die...

#.# #.# # #.#
.. #.#
#######.. #%#
#.....#.
#.#####......
#.......# .#
#.......###.#
#.......'.@.#
#.......#####
#.......#
#.......#
#...%...#
#.......#
#.......#
#.......#
#.......#


There were no monsters in sight!

Vanquished Creatures
  A phantom (D:4)
  2 worker ants (D:4)
  6 adders
  A green rat (D:3)
  A giant mite (D:3)
  3 worms (D:3)
  5 giant geckos
  7 orcs
  29 ball pythons (Sewer)
  10 bats
  4 giant cockroaches
  8 goblins
  8 hobgoblins
  5 jackals (D:2)
  A quokka (D:4)
  2 giant newts
  10 kobolds
  11 rats
114 creatures vanquished.

Notes
Turn   | Place    | Note
--------------------------------------------------------------
     0 | D:1      | Orcus, the Ogre Fire Elementalist, began the quest for the Orb.
     0 | D:1      | Reached XP level 1. HP: 16/16 MP: 3/3
   428 | D:1      | Reached XP level 2. HP: 18/24 MP: 0/5
   703 | D:2      | Reached XP level 3. HP: 17/32 MP: 4/6
   723 | D:2      | Reached skill level 1 in Fighting
   861 | D:2      | Found a sparkling altar of Nemelex Xobeh.
   880 | D:2      | Reached skill level 1 in Conjurations
  1017 | D:2      | Reached skill level 1 in Maces & Flails
  1064 | D:3      | Reached XP level 4. HP: 39/41 MP: 8/8
  1085 | D:3      | HP: 1/41 [orc/club (3)]
  1364 | D:3      | Found a glowing drain.
  1373 | Sewer    | Entered a sewer
  1382 | Sewer    | Reached XP level 5. HP: 19/49 MP: 1/10
  1614 | Sewer    | Reached skill level 3 in Spellcasting
  1696 | D:3      | Identified a +1 rod of ignition (13/13) (You found it on level 3 of the Dungeon)
  1992 | D:4      | Noticed a phantom
  2020 | D:4      | Killed a phantom
  2020 | D:4      | Reached XP level 6. HP: 52/58 MP: 2/13
  2059 | D:4      | Found a glowing silver altar of Zin.
  2199 | D:4      | HP: 2/59 [worker ant (4)]
  2233 | D:4      | HP: 2/59 [poisoned by a worker ant]
  2235 | D:4      | Succumbed to a worker ant's poison

Action                   |  1- 3 |  4- 6 || total
-------------------------+-------+-------++-------
Melee: Unarmed           |     6 |       ||     6
       Mace              |    60 |   120 ||   180
       Rod               |       |     8 ||     8
 Cast: Flame Tongue      |    50 |    99 ||   149
Evoke: Rod               |       |     2 ||     2
  Use: Scroll            |       |    13 ||    13
       Potion            |       |     8 ||     8
  Eat: Chunk             |     3 |    11 ||    14
